 Dungeon Crawl Stone Soup version 0.22-a0-284-g99d1f74 (webtiles) character file.

239 zero the Covert (level 5, -1/24 HPs)
             Began as a Spriggan Enchanter on Mar 21, 2018.
             Shot with an arrow by a centaur (7 damage)
             ... on level 4 of the Dungeon.
             The game lasted 00:06:07 (3675 turns).

zero the Covert (Spriggan Enchanter)                Turns: 3675, Time: 00:06:08

Health: -1/24      AC:  3    Str:  4    XL:     5   Next: 79%
Magic:  1/10       EV: 18    Int: 16    God:
Gold:   97         SH:  0    Dex: 18    Spells: 3/9 levels left

rFire    . . .     SeeInvis +   h - +1 short sword (drain)
rCold    . . .     Gourm    .   (shield restricted)
rNeg     . . .     Faith    .   c - +1 robe
rPois    .         Spirit   .   (helmet restricted)
rElec    .         Reflect  .   (no cloak)
rCorr    .         Harm     .   (gloves unavailable)
MR       .....                  (boots unavailable)
Stlth    +++.......             f - amulet of regeneration
HPRegen  0.48/turn              o - ring of loudness (curse)
MPRegen  0.12/turn              (no ring)

@: lethally poisoned (-1 -> -1), very quick
A: very small, unfitting armour, see invisible, herbivore, speed 3, slow
metabolism 2
a: no special abilities


You were on level 4 of the Dungeon.
You were not hungry.

You visited 1 branch of the dungeon, and saw 4 of its levels.

You collected 200 gold pieces.
You spent 103 gold pieces at shops.

Inventory:

Hand Weapons
 a - a +1 dagger
 h - a +1 short sword of draining (weapon)
Armour
 c - a +1 robe (worn)
Jewellery
 f - an amulet of regeneration (around neck)
 o - a cursed ring of loudness (left hand)
Scrolls
 b - a scroll of noise {unknown}
 e - a scroll of enchant armour
 k - a scroll of teleportation
Potions
 g - 2 potions of heal wounds
 i - a potion of agility {unknown}
 j - a potion of ambrosia {unknown}
 l - a potion of might {unknown}
 m - a potion of resistance {unknown}
 n - a potion of haste
 p - 2 potions of curing {unknown}
Comestibles
 d - 6 rations


   Skills:
 - Level 4.1 Short Blades
 - Level 3.0 Dodging
 + Level 8.4 Stealth
 - Level 2.6 Spellcasting
 - Level 3.6 Hexes


You had 3 spell levels left.
You knew the following spells:

 Your Spells              Type           Power        Failure   Level  Hunger
a - Corona                Hex            ##.....      4%          1    #......
b - Ensorcelled Hibernat  Hex/Ice        #.....       14%         2    ##.....
c - Confuse               Hex            ##......     13%         3    ###....


Dungeon Overview and Level Annotations

Branches:
Dungeon (4/15)
 Temple: D:4-7

Altars:

Shops:
D:4 [


Innate Abilities, Weirdness & Mutations

You are very small and have problems with some larger weapons.
You are too small for most types of armour.
You have supernaturally acute eyesight. (SInv)
You are a herbivore.
You cover ground extremely quickly.
You need to consume almost no food.


Message History

The adder poisons you! The centaur misses you.
Casting: Ensorcelled Hibernation (safe; 14% risk of failure)
Confirm with . or Enter, or press ? or * to list all spells.
Aiming: Ensorcelled Hibernation (safe; 14% risk of failure)
Press: ? - help, Shift-Dir - straight line, f/p - centaur
Aim: a centaur (moderately wounded, lightly drained, chance to defeat MR: 43%)
The centaur resists with some effort.
You feel sick. The adder misses you. The centaur misses you.
The adder closely misses you.
Casting: Ensorcelled Hibernation (safe; 14% risk of failure)
Confirm with . or Enter, or press ? or * to list all spells.
Aiming: Ensorcelled Hibernation (safe; 14% risk of failure)
Press: ? - help, Shift-Dir - straight line, f/p - centaur
Aim: a centaur (moderately wounded, lightly drained, chance to defeat MR: 43%)
The centaur resists with some effort.
You feel sick. The centaur closely misses you. The adder barely misses you.
The centaur misses you.
You feel sick.
You feel sick.
The centaur wields a shortbow.
The centaur shoots an arrow.
The arrow hits you!
You die...

#.###c##.#
#.#####.###...
#....c...#
#.........#.#.
######.W.#
#.........#...
#..S###.........'...
#.....#...).....####
#..##S#.........+...
#..##.#.........####
##....#............#
#.@###.#######.#..#
##.# #.# #....##.#
#.###'## #.#####..
#......# #.#######
#......# #........
#......# #####....
#......# #....
#......# ####....
##.....## #.......


You could see a phantom, a centaur and an adder.

Vanquished Creatures
  An iguana (D:4)
  An orc wizard (D:3)
  A worker ant (D:4)
  8 adders
  2 oozes
  3 worms (D:3)
  3 dart slugs
  2 leopard geckos (D:3)
  4 orcs
  A ball python (D:4)
  9 bats
  4 giant cockroaches
  7 goblins
  8 hobgoblins
  3 frilled lizards
  A jackal skeleton (D:4)
  4 kobolds
  9 rats
71 creatures vanquished.

Notes
Turn   | Place    | Note
-------+----------+-------------------------------------------
     0 | D:1      | zero the Spriggan Enchanter began the quest for the Orb.
     0 | D:1      | Reached XP level 1. HP: 9/9 MP: 5/5
   121 | D:1      | Reached XP level 2. HP: 13/13 MP: 4/6
   125 | D:1      | Learned a level 2 spell: Ensorcelled Hibernation
   197 | D:1      | Reached skill level 5 in Stealth
  1275 | D:2      | Reached XP level 3. HP: 16/16 MP: 8/8
  1330 | D:2      | Reached skill level 6 in Stealth
  1438 | D:2      | Reached XP level 4. HP: 14/21 MP: 1/9
  1515 | D:2      | Learned a level 3 spell: Confuse
  2576 | D:2      | Reached skill level 7 in Stealth
  2576 | D:2      | Reached XP level 5. HP: 24/24 MP: 1/10
  3397 | D:4      | Found Guopt's Antique Armour Emporium.
  3423 | D:4      | Bought an embroidered robe for 103 gold pieces
  3455 | D:4      | Reached skill level 8 in Stealth
  3659 | D:4      | Noticed a centaur
  3661 | D:4      | Noticed a phantom
  3675 | D:4      | Shot with an arrow by a centaur

Vault maps used:
D:1:      dpeg_arrival_ternary
D:2:      palyth_stone_intersect
D:3:      minmay_misc_feat_pillars, glass_columns_a
D:4:      kennysheep_mini, fedhas_altar_3, first_ration, serial_shops,
          nicolae_shop_statue_plus

Skill      XL: |  1  2  3  4  5 |
---------------+----------------+-----
Stealth        | 5 6 7 8 |  8.4
Short Blades   | 2 3 4 |  4.1
Dodging        | |  3.0
Spellcasting   | |  2.6
Hexes          | |  3.6

Action                   |  1- 3 |  4- 6 || total
-------------------------+-------+-------++-------
Melee: Dagger            |    56 |       ||    56
       Short sword       |    21 |    93 ||   114
 Cast: Corona            |    10 |       ||    10
       Ensorcelled Hiber |    11 |    27 ||    38
  Use: Scroll            |       |     5 ||     5
 Stab: Sleeping          |    16 |    19 ||    35
  Eat: Ration            |       |     2 ||     2
Armor: Robe              |     7 |     5 ||    12
Dodge: Dodged            |    62 |    94 ||   156

Table legend:
 A = Spawn XP
 B = Non-spawn XP
 C = Spawn XP percentage of total XP
 D = Spawn monster count
 E = Non-spawn monster count
 F = Spawn count percentage of total count
 G = Total turns spent on level
                    A         B        C        D         E        F      G
               +---------+---------+-------+---------+---------+-------+---------
         Total |       0 |     342 |   0.0 |       0 |      71 |   0.0 |  3675
               +---------+---------+-------+---------+---------+-------+---------
           D:1 |       0 |      37 |   0.0 |       0 |      21 |   0.0 |  1270
           D:2 |       0 |     124 |   0.0 |       0 |      21 |   0.0 |  1011
           D:3 |       0 |     106 |   0.0 |       0 |      24 |   0.0 |  1047
           D:4 |       0 |      75 |   0.0 |       0 |       5 |   0.0 |   347
               +---------+---------+-------+---------+---------+-------+---------
